 Dungeon Crawl Stone Soup version 0.29.0-4-gdea44cf6ec (webtiles) character file.

Game seed: 5753557692002677737

211 themarg the Gusty (level 5, -6/28 HPs)
             Began as a Tengu Air Elementalist on Aug 26, 2022.
             Killed by divine providence
             ... invoked by an orc priest
              (8 damage)
             ... on level 3 of the Dungeon.
             The game lasted 00:13:14 (2498 turns).

themarg the Gusty (Tengu Air Elementalist)          Turns: 2498, Time: 00:13:15

Health: -6/28      AC:  3    Str: 11    XL:     5   Next: 88%
Magic:  8/11       EV: 15    Int: 17    God:
Gold:   143        SH:  0    Dex: 15    Spells: 8/11 levels left

rFire   . . .      SeeInvis .   m - +4 short sword "Gykle" {spect, Str+3}
rCold   . . .      Faith    .   (no shield)
rNeg    . . .      Spirit   .   a - +0 robe
rPois   +          Reflect  .   (helmet restricted)
rElec   .          Harm     .   (no cloak)
rCorr   .          Rampage  .   o - +0 pair of gloves
Will    .....                   (boots unavailable)
Stlth   ++........              (no amulet)
HPRegen 0.09/turn               c - ring of poison resistance
MPRegen 0.12/turn               (no ring)

@: flying quickly and evasively, quick
A: beak, talons 3, nimble flight
a: no special abilities


You were on level 3 of the Dungeon.
You visited 1 branch of the dungeon, and saw 3 of its levels.

You collected 143 gold pieces.

Inventory:

Hand Weapons
 m - the +4 short sword "Gykle" (weapon) {spect, Str+3}
   (You found it on level 2 of the Dungeon)

   When its wielder attacks, the weapon's spirit leaps out and strikes again.
   The spirit shares a part of any damage it takes with its wielder.
   Str:       It affects your strength (+3).
Missiles
 s - 2 poisoned darts
Armour
 a - a +0 robe (worn)
 n - the +0 leather armour of Melancholy {Will+ Dex+4 Slay+6}
   (You found it on level 2 of the Dungeon)

   Dex:       It affects your dexterity (+4).
   Slay:      It affects your accuracy & damage with ranged weapons and melee
   (+6).
   Will:      It increases your willpower.
 o - a +0 pair of gloves (worn)
Jewellery
 c - a ring of poison resistance (left hand)
 f - an amulet of guardian spirit
 v - a ring of positive energy
Scrolls
 g - 4 scrolls of teleportation {unknown}
 h - a scroll of noise {unknown}
 i - 3 scrolls of enchant weapon {unknown}
 t - a scroll of vulnerability {unknown}
 u - a scroll of blinking {unknown}
 w - a scroll of identify {unknown}
Potions
 b - a potion of magic
 d - 2 potions of curing {unknown}
 e - 3 potions of heal wounds {unknown}
 j - 2 potions of brilliance {unknown}
 k - 4 potions of degeneration {unknown}
 l - 2 potions of flight {unknown}
 p - a potion of berserk rage {unknown}
 q - a potion of attraction {unknown}
 r - a potion of resistance {unknown}


   Skills:
 + Level 0.6 Fighting
 + Level 0.7 Short Blades
 + Level 2.3 Dodging
 + Level 2.2 Stealth
 + Level 3.5 Spellcasting
 + Level 3.4 Conjurations
 + Level 5.7 Air Magic


You had 8 spell levels left.
You knew the following spells:

 Your Spells              Type           Power      Damage    Failure   Level
a - Shock                 Conj/Air       72%        1d7       2%          1
b - Static Discharge      Conj/Air       18%        3-6/arc   3%          2

Your spell library contained the following spells:

 Spells                   Type           Power      Damage    Failure   Level
 Swiftness                Air            22%        N/A       4%          3
 Airstrike                Air            11%        2d(2-18)  16%         4
 Dazzling Flash           Conj/Hex       16%        N/A       24%         3
 Silence                  Hex/Air        6%         N/A       80%         5
 Agony                    Necr           2%         N/A       99%         5


Dungeon Overview and Level Annotations

Branches:
Dungeon (3/15)

Altars:


Innate Abilities, Weirdness & Mutations

You have a beak for a mouth.
You have claws for feet.
Your magical nature lets you fly swiftly and evasively.


Message History

You kill the worm!
g - 4 scrolls labelled MOCUAF QIJERO (gained 1)
Things that are here:
a +0 dagger; a +0 robe A worm comes into view.
There is an open door here.
You see here 8 gold pieces.
You now have 143 gold pieces (gained 8).
You barely miss the worm. You claw the worm.
The worm is lightly wounded.
Your +4 short sword "Gykle" {spect, Str+3} barely misses the worm.
You hit the worm. You claw the worm, but do no damage. You peck the worm.
The worm is heavily wounded.
Your +4 short sword "Gykle" {spect, Str+3} hits the worm.
The worm bites you.
You hit the worm.
You kill the worm!
The orc priest mumbles some strange prayers to Beogh against you.
Beogh smites you!
Ouch! That really hurt!
* * * LOW HITPOINT WARNING * * *
There is an open door here.
Things that are here:
a +0 dagger; a +0 robe You start resting.
An orc priest is nearby!
Casting: Shock (safe; 2% risk of failure)
Confirm with . or Enter, or press ? or * to list all spells.
Aiming: Shock (safe; 2% risk of failure)
Press: ? - help, Shift-Dir - straight line, f - orc priest
Aim: an orc priest, wielding a +0 short sword and wearing a +0 scale mail (75% to hit)
The zap hits the orc priest!
The orc priest is heavily wounded.
You hit the orc priest but do no damage.
You peck the orc priest.
The orc priest is heavily wounded.
Your +4 short sword "Gykle" {spect, Str+3} closely misses the orc priest.
The orc priest invokes the aid of Beogh against you.
Beogh smites you!
You die...

....#...#)#
...#...#.# #...
#.#...#.# #...
#.......#
#...##.......#
#.....#)...#
####....).....#
........#o#...#
........#@(...#
#.........†.#).>..#
#...........'...###
#.....o.....#.###
............#.#
............#.#
............#.#
............'..
............#.#


You could see an orc priest and a friendly +4 short sword "Gykle" {spect, Str+3}
(summoned).

Vanquished Creatures
  An orc priest (D:3)
  Terence (D:2)
  An orc wizard (D:3)
  A gnoll (D:3)
  5 adders
  3 worms
  A dart slug (D:3)
  9 orcs (D:3)
  5 ball pythons
  3 bats
  6 endoplasms
  2 giant cockroaches (D:3)
  4 goblins
  2 hobgoblins (D:1)
  4 jackals (D:3)
  3 kobolds
  3 quokkas
  3 frilled lizards
  4 rats
61 creatures vanquished.

Vanquished Creatures (others)
  An orc (D:3)
  A ball python (D:3)
2 creatures vanquished.

Grand Total: 63 creatures vanquished

Notes
Turn   | Place    | Note
-------+----------+-------------------------------------------
     0 | D:1      | themarg the Tengu Air Elementalist began the quest for the
                  | Orb.
     0 | D:1      | Reached XP level 1. HP: 10/10 MP: 4/4
   209 | D:1      | Reached XP level 2. HP: 15/15 MP: 4/6
   212 | D:1      | Learned a level 2 spell: Static Discharge
   931 | D:2      | Identified the +4 short sword "Gykle" {spect, Str+3}
   942 | D:2      | Reached XP level 3. HP: 19/19 MP: 4/7
   968 | D:2      | Identified the +0 leather armour of Melancholy {Will+ Dex+4
                  | Slay+6}
  1082 | D:2      | Noticed Terence
  1114 | D:2      | Killed Terence
  1115 | D:2      | Reached skill level 5 in Air Magic
  1115 | D:2      | Reached XP level 4. HP: 5/24 MP: 2/8
  2065 | D:3      | Found a faded altar of an unknown god.
  2077 | D:3      | Gained mutation: Your magical nature lets you fly swiftly
                  | and evasively. [Tengu growth]
  2077 | D:3      | Reached XP level 5. HP: 26/28 MP: 8/10
  2489 | D:3      | HP: 1/28 [orc priest/divine providence (16)]
  2498 | D:3      | Killed from afar by an orc priest

Illustrated notes

Levels and vault maps discovered:
D:1:      wander_arrival_abandoned_jail, layout_loops_ring
D:2:      layout_rooms, serial_bayou_pond_e, uniq_terence
D:3:      layout_basic, xom_confusion_cloud,
          hellmonk_ecumenical_altar_dog_temple, hangedman_decor_lopped

Skill      XL: |  1  2  3  4  5 |
---------------+----------------+-----
Conjurations   | 2 3 |  3.4
Air Magic      | 5 |  5.7
Spellcasting   | 3 |  3.5
Fighting       | |  0.6
Short Blades   | |  0.7
Dodging        | |  2.3
Stealth        | |  2.2

Action                   |  1- 3 |  4- 6 || total
-------------------------+-------+-------++-------
Melee: Short sword       |     2 |    34 ||    36
       Kick              |       |     5 ||     5
       Peck              |       |     4 ||     4
 Cast: Shock             |    44 |    50 ||    94
       Static Discharge  |     1 |       ||     1
Armor: Robe              |     4 |     8 ||    12
Dodge: Dodged            |     9 |    20 ||    29
